 Dungeon Crawl Stone Soup version 0.25.1-1-g288607f5aa (webtiles) character file.

Game seed: 11770795580630877675

22 Descartes the Sneak (level 2, -5/13 HPs)
             Began as a Felid Wanderer on July 28, 2020.
             Slain by a gnoll
             ... wielding a cursed -1 spear
              (10 damage)
             ... on level 2 of the Dungeon.
             The game lasted 00:01:33 (1449 turns).

Descartes the Sneak (Felid Wanderer)                Turns: 1449, Time: 00:01:35

Health: -5/13      AC:  1    Str:  7    XL:     2   Next: 68%
Magic:  3/3        EV: 18    Int: 13    God:
Gold:   34         SH:  0    Dex: 16    Spells: 1/1 levels left
                                        Lives:  0   Deaths: 0

rFire    . . .     SeeInvis +     - Unarmed
rCold    . . .     Gourm    .   (shield unavailable)
rNeg     . . .     Faith    .   (armour unavailable)
rPois    .         Spirit   .   (helmet unavailable)
rElec    .         Reflect  .   (cloak unavailable)
rCorr    .         Harm     .   (gloves unavailable)
MR       .....                  (boots unavailable)
Stlth    +++.......             (no amulet)
HPRegen  0.04/turn              (no ring)
MPRegen  0.08/turn              (no ring)

@: quick
A: very small, no armour, no weapons or thrown items, stealth, claws 1, fangs 3,
see invisible, carnivore, speed 1, shaggy fur 1, slow metabolism 1, sharp paws
a: no special abilities


You were on level 2 of the Dungeon.
You were completely stuffed.

You visited 1 branch of the dungeon, and saw 2 of its levels.

You collected 34 gold pieces.

Inventory:

Missiles
 e - 21 stones
Jewellery
 i - an uncursed ring of ice {unknown}
Scrolls
 a - a scroll of blinking
 g - a scroll of identify {unknown}
 h - 2 scrolls of enchant armour {unknown}
 j - 2 scrolls of fear {unknown}
 l - a scroll of immolation {unknown}
Potions
 b - a potion of haste
 c - a potion of lignification
 d - 3 potions of curing
Comestibles
 f - a ration


   Skills:
 - Level 2.0 Fighting
 + Level 2.7 Dodging
 + Level 4.8 Stealth
 - Level 4.0 Unarmed Combat


You had one spell level left.
You didn't know any spells.
Your spell library was empty.

Dungeon Overview and Level Annotations

Branches:
Dungeon (2/15)

Altars:


Innate Abilities, Weirdness & Mutations

You cannot wear armour.
You are incapable of wielding weapons or throwing items.
Your paws allow you to move quietly. (Stealth)
You have sharp claws.
You have razor-sharp teeth.
You have supernaturally acute eyesight. (SInv)
You are carnivorous and can eat meat at any time.
You cover ground quickly.
You are covered in fur. (AC +1)
You have a slow metabolism.
Your sharp claws are effective at attacking unaware monsters.


Message History

You scratch the gnoll. You bite the gnoll, but do no damage.
The gnoll is lightly wounded.
The gnoll completely misses you.
You scratch the gnoll.
The gnoll is lightly wounded.
The gnoll barely misses you.
You closely miss the gnoll.
The gnoll is lightly wounded.
The gnoll misses you.
You scratch the gnoll.
The gnoll is severely wounded.
The gnoll drinks a potion.
The gnoll is healed!
You scratch the gnoll.
The gnoll is moderately wounded.
The gnoll misses you.
You scratch the gnoll but do no damage. Your bite misses the gnoll.
The gnoll is moderately wounded.
The gnoll hits you with a cursed -1 spear!
Ouch! That really hurt!
You die...

#.# #.# #.# #.# #g# #.# #.#
#########################.#
........<.@gg.............#
#########################.#
#.# ###


You could see 2 gnolls.

Vanquished Creatures
  A dart slug (D:1)
  2 giant cockroaches (D:1)
  2 goblins (D:1)
  4 jackals
  3 kobolds (D:1)
  4 bats (D:1)
  2 frilled lizards (D:1)
  2 rats
20 creatures vanquished.

Notes
Turn   | Place    | Note
-------+----------+-------------------------------------------
     0 | D:1      | Descartes the Felid Wanderer began the quest for the Orb.
     0 | D:1      | Descartes set off with the following items: a scroll of
                  | blinking, a potion of haste, a potion of lignification, a
                  | potion of curing, a ration
     0 | D:1      | Reached XP level 1. HP: 9/9 MP: 2/2
   213 | D:1      | Reached XP level 2. HP: 13/13 MP: 3/3
  1449 | D:2      | Slain by a gnoll

Illustrated notes

Levels and vault maps discovered:
D:1:      minmay_arrival_glassed_features, layout_loops_corners,
          minmay_misc_feat_iff
D:2:      layout_basic, first_ration

Skill      XL: |  1 |
---------------+----+-----
Dodging        | 2 |  2.7
Fighting       | |  2.0
Stealth        | |  4.8
Unarmed Combat | |  4.0

Action                   || total
-------------------------++-------
Melee: Unarmed           ||    42
       Bite              ||     1
 Stab: Sleeping          ||    12
  Eat: Chunk             ||     8
Armor: Skin              ||     1
Dodge: Dodged            ||    21
